 Dungeon Crawl Stone Soup version 0.19-a0-1513-gf6d23ed (webtiles) character file.

854 Bronet the Cutter (level 8, -3/57 HPs)
             Began as a Halfling Skald on Sept 12, 2016.
             Was an Initiate of Qazlal.
             Killed by divine providence
             ... invoked by an orc priest
              (15 damage)
             ... on level 6 of the Dungeon.
             The game lasted 00:15:25 (6252 turns).

Bronet the Cutter (Halfling Skald)                  Turns: 6252, Time: 00:15:26

Health: -3/57      AC:  7    Str: 19    XL:     8   Next: 21%
Magic:  5/10       EV: 14    Int: 10    God:    Qazlal [......]
Gold:   391        SH:  0    Dex: 15    Spells: 2 memorised, 7 levels left

rFire  . . .     SeeInvis .     a - +0 short sword
rCold  . . .     Gourm    .     b - +0 leather armour
rNeg   . . .     Faith    .     (shield restricted)
rPois  .         Spirit   .     (no helmet)
rElec  .         Dismiss  .     y - +0 cloak
rCorr  .         Reflect  .     (no gloves)
MR     .....     Harm     .     (no boots)
Stlth  +.........               (no amulet)
                                (no ring)
                                i - +3 ring of protection

@: mighty, infused (expiring), very slightly contaminated
A: mutation resistance 1
a: Renounce Religion


You were on level 6 of the Dungeon.
You worshipped Qazlal.
Qazlal was noncommittal.
You were not hungry.

You visited 1 branch of the dungeon, and saw 6 of its levels.

You collected 391 gold pieces.

Inventory:

Hand Weapons
 a - a +0 short sword (weapon)
Armour
 b - a +0 leather armour (worn)
 y - a +0 cloak (worn)
Jewellery
 i - a +3 ring of protection (left hand)
Wands
 w - a wand of slowing (16/48)
 B - a wand of digging (12/24)
 C - a wand of random effects (17/48)
Scrolls
 e - 2 scrolls of remove curse
 k - 2 scrolls of random uselessness {unknown}
 l - a scroll of fear {unknown}
 m - 3 scrolls of teleportation
 n - a scroll of enchant armour {unknown}
 q - a scroll of magic mapping {unknown}
 r - 2 scrolls of identify
 s - 2 scrolls of amnesia {unknown}
 z - 3 scrolls of recharging {unknown}
Potions
 f - a potion of ambrosia {unknown}
 j - a potion of heal wounds {unknown}
 o - 2 potions of cancellation
 t - 2 potions of degeneration {unknown}
 x - a potion of magic {unknown}
Books
 c - a book of Battle

   Spells                             Type                      Level
   a - Infusion                       Charms                       1
   b - Shroud of Golubria             Charms/Translocation         2
   c - Song of Slaying                Charms                       2
   d - Spectral Weapon                Hexes/Charms                 3
   e - Regeneration                   Charms/Necromancy            3
 A - a Fen Folio

   Spells                             Type                      Level
   a - Corpse Rot                     Necromancy                   2
   b - Stone Arrow                    Conjuration/Earth            3
   c - Leda's Liquefaction            Hexes/Earth                  4
   d - Summon Forest                  Summoning/Translocation      5
   e - Hydra Form                     Transmutation                6
   f - Summon Hydra                   Summoning                    7
Comestibles
 d - 3 bread rations
 p - 3 fruits
 u - 2 slices of pizza
 v - 4 meat rations


   Skills:
 + Level 5.8 Fighting
 + Level 7.8 Short Blades
 - Level 1.1 Armour
 - Level 1.1 Dodging
 - Level 1.5 Spellcasting
 - Level 3.2 Charms


You had 7 spell levels left.
You knew the following spells:

 Your Spells              Type           Power        Failure   Level  Hunger
a - Infusion              Chrm           #...         12%         1    ##.....
b - Shroud of Golubria    Chrm/Tloc      #.........   30%         2    ###....


Dungeon Overview and Level Annotations

Branches:
Dungeon (6/15)             Temple (0/1) D:5

Altars:
Gozag
Qazlal


Innate Abilities, Weirdness & Mutations

You are small and have problems with some larger weapons.
You are somewhat resistant to further mutation.


Message History

You puncture the orc warrior!
The orc warrior is severely wounded.
Your shroud bends the orc warrior's attack away!
You puncture the orc warrior!
You kill the orc warrior!
Qazlal accepts your kill.
The orc priest invokes the aid of Beogh against you.
Beogh smites you!
You closely miss the orc. The orc barely misses you.
The orc priest invokes the aid of Beogh against you.
Beogh smites you!
* * * LOW HITPOINT WARNING * * *
An orc comes into view. It is wielding a dagger.
You feel better. The orc hits you with a hand axe.
* * * LOW HITPOINT WARNING * * *
Your shroud unravels.
Your magical infusion is running out.
The orc priest invokes the aid of Beogh against you.
Beogh smites you!
You die...

.....####..#.....#
.........(.......# ..
......###.#......# ...
.................###### ...
##+##.....#...........##.###
##.###........#..####.......
#.........###...<# .......
######..........#####oo.....
#.######..>@..oh.o.....
#.#....#.#######oo.....
######.#............#.l.....
#......####.#.#####.#o......
#...........#.# .......
#.....#######.# o######
......'..# #.# l# #.....##.#
#.# o# ########.# #.#


You could see an orc warrior, a black bear, 2 orc priests and 3 orcs.

Vanquished Creatures
  2 orc warriors
  A sky beast (D:5)
  A centaur (D:5)
  A big kobold (D:3)
  A howler monkey (D:4)
  A crimson imp (D:5)
  A giant frog zombie (D:6)
  A centaur skeleton (D:5)
  A hound (D:4)
  An orc wizard (D:5)
  A giant frog skeleton (D:4)
  2 worker ants
  5 adders
  2 oozes
  3 worms
  4 dart slugs
  5 giant geckos
  3 orcs
  7 bats
  7 giant cockroaches
  11 goblins
  13 hobgoblins
  4 jackals (D:3)
  4 kobolds
  3 quokkas
  3 ball pythons
  4 giant newts
  A quokka zombie (D:6)
  11 rats
104 creatures vanquished.

Notes
Turn   | Place    | Note
-------+----------+-------------------------------------------
     0 | D:1      | Bronet the Halfling Skald began the quest for the Orb.
     0 | D:1      | Reached XP level 1. HP: 14/14 MP: 3/3
   183 | D:1      | Reached XP level 2. HP: 18/19 MP: 4/4
   256 | D:1      | Reached skill level 3 in Short Blades
   554 | D:1      | Reached XP level 3. HP: 13/25 MP: 5/5
  1513 | D:2      | Learned a level 2 spell: Shroud of Golubria
  1688 | D:2      | Reached XP level 4. HP: 20/30 MP: 3/6
  2403 | D:3      | Noticed a big kobold
  2426 | D:2      | Reached skill level 4 in Short Blades
  2600 | D:3      | Reached XP level 5. HP: 26/36 MP: 0/7
  2956 | D:3      | Killed a big kobold
  2956 | D:3      | Reached skill level 5 in Short Blades
  3063 | D:3      | Reached XP level 6. HP: 33/43 MP: 8/8
  3952 | D:4      | Found a stormy altar of Qazlal.
  3956 | D:4      | Became a worshipper of Qazlal Stormbringer
  4812 | D:5      | Entered Level 5 of the Dungeon
  4934 | D:5      | Found a staircase to the Ecumenical Temple.
  4988 | D:5      | Noticed a sky beast
  5007 | D:5      | Killed a sky beast
  5007 | D:5      | Reached skill level 6 in Short Blades
  5007 | D:5      | Reached XP level 7. HP: 32/49 MP: 3/9
  5464 | D:5      | Found an opulent altar of Gozag.
  5529 | D:5      | Reached skill level 5 in Fighting
  5754 | D:5      | Reached skill level 7 in Short Blades
  5912 | D:5      | Reached XP level 8. HP: 39/56 MP: 10/10
  6252 | D:6      | Killed from afar by an orc priest

Vault maps used:
D:1:      minmay_arrival_open_corners
D:3:      st_stairs_5, minmay_misc_feat_hallway
D:4:      grunt_qazlal_sundering, minmay_close_crescents
D:5:      nicolae_gozag_seed_capital, first_bread
D:6:      old_standard_altar, portal_sewer_entry_e

Skill      XL: |  1  2  3  4  5  6  7 |
---------------+----------------------+-----
Fighting       | 2 3 4 5 |  5.8
Short Blades   | 3 4 5 6 7 |  7.8
Armour         | |  1.1
Dodging        | |  1.1
Spellcasting   | |  1.5
Charms         | |  3.2

Action                   |  1- 3 |  4- 6 |  7- 9 || total
-------------------------+-------+-------+-------++-------
Melee: Short sword       |   118 |   288 |   124 ||   530
 Cast: Shroud of Golubri |     1 |     5 |     3 ||     9
       Infusion          |     1 |     4 |     4 ||     9
Evoke: Wand              |       |       |     1 ||     1
  Use: Potion            |       |     2 |     6 ||     8
       Scroll            |       |     4 |       ||     4
 Stab: Invisible         |       |     1 |       ||     1
       Sleeping          |       |     1 |       ||     1
  Eat: Chunk             |     3 |     7 |     3 ||    13
       Bread ration      |       |     1 |       ||     1
       Beef jerky        |       |     1 |       ||     1
Armor: Leather armour    |    29 |    41 |    23 ||    93
Dodge: Dodged            |    64 |   175 |    56 ||   295
